 Dungeon Crawl Stone Soup version 0.21.1-1-g345015f (webtiles) character file.

452 Zebulonius the Cleaver (level 6, -15/51 HPs)
             Began as a Minotaur Berserker on June 13, 2018.
             Was a Believer of Trog.
             Demolished by an ogre
             ... wielding a +0 giant club
              (16 damage)
             ... on level 4 of the Dungeon.
             The game lasted 00:04:34 (2868 turns).

Zebulonius the Cleaver (Minotaur Berserker)         Turns: 2868, Time: 00:04:35

Health: -15/51     AC:  8    Str: 21    XL:     6   Next: 75%
Magic:  5/5        EV:  6    Int:  4    God:    Trog [**....]
Gold:   108        SH:  9    Dex: 12    Spells: 5/5 levels left

rFire    . . .     SeeInvis .   c - +0 war axe
rCold    . . .     Gourm    .   i - +2 shield
rNeg     . . .     Faith    .   g - +0 chain mail
rPois    .         Spirit   .   (helmet restricted)
rElec    .         Reflect  .   (no cloak)
rCorr    .         Harm     .   (no gloves)
MR       .....                  (no boots)
Stlth    ..........             (no amulet)
HPRegen  0.17/turn              j - +1 ring of evasion
MPRegen  0.09/turn              (no ring)

@: no status effects
A: retaliatory headbutt, horns 2
a: Berserk, Trog's Hand, Burn Spellbooks, Renounce Religion


You were on level 4 of the Dungeon.
You worshipped Trog.
Trog was pleased with you.
You were not hungry.

You visited 1 branch of the dungeon, and saw 4 of its levels.

You collected 108 gold pieces.

Inventory:

Hand Weapons
 c - a +0 war axe (weapon)
Armour
 g - a +0 chain mail (worn)
 i - a +2 shield (worn)
Jewellery
 j - a +1 ring of evasion (left hand)
Scrolls
 d - 3 scrolls of identify
 f - 4 scrolls of teleportation
 p - a scroll of fog {unknown}
Potions
 a - 2 potions of degeneration {unknown}
 b - 2 potions of brilliance {unknown}
 e - a potion of heal wounds {unknown}
 h - 3 potions of curing {unknown}
 k - a potion of resistance {unknown}
 l - a potion of agility {unknown}
 m - 2 potions of cancellation {unknown}
Comestibles
 n - 4 rations
 o - 2 chunks of flesh


   Skills:
 - Level 3.6 Fighting
 + Level 9.3 Axes
 - Level 2.4 Armour
 - Level 2.1 Dodging


You had 5 spell levels left.
You didn't know any spells.

Dungeon Overview and Level Annotations

Branches:
Dungeon (4/15)
 Temple: D:4-7

Altars:
Makhleb
Trog


Innate Abilities, Weirdness & Mutations

You reflexively headbutt those who attack you in melee.
You have a pair of horns on your head.


Message History

Your shield and chain mail prevent you from hitting the ogre.
The ogre is lightly wounded.
Your shield and chain mail prevent you from hitting the ogre.
The ogre is lightly wounded.
The ogre hits you with a giant club!!
You are too injured to fight recklessly!
You are too injured to fight recklessly!
You are too injured to fight recklessly!
You slash the ogre!
The ogre is heavily wounded.
You block the ogre's attack.
You slash the ogre!
The ogre is almost dead.
The ogre hits you with a giant club!!
* * * LOW HITPOINT WARNING * * *
You hit the ogre.
You headbutt the ogre, but do no damage.
The ogre is almost dead.
The ogre hits you with a giant club!
You die...

###########
#.........#
####....(....#
#............#
#...@O....#
#...#....... #.
#...#..##### ##...
#^.....# #....
###.#...##. #....
#........... #....
#......#....
#....####...........
#........##+#..###..


You could see an ogre.

Vanquished Creatures
  An ogre (D:3)
  A crimson imp (D:3)
  2 orc priests
  2 orc wizards (D:4)
  2 worker ants
  Terence (D:2)
  A howler monkey zombie (D:2)
  6 adders
  2 oozes (D:2)
  An adder skeleton (D:4)
  2 worms (D:2)
  A dart slug (D:1)
  3 leopard geckos
  7 orcs
  2 giant cockroaches
  10 goblins
  2 hobgoblins
  4 jackals (D:2)
  4 kobolds
  5 bats (D:3)
  2 frilled lizards
  4 rats
65 creatures vanquished.

Notes
Turn   | Place    | Note
-------+----------+-------------------------------------------
     0 | D:1      | Zebulonius the Minotaur Berserker began the quest for the Orb.
     0 | D:1      | Reached XP level 1. HP: 19/19 MP: 0/0
   185 | D:1      | Reached skill level 4 in Axes
   324 | D:1      | Reached XP level 2. HP: 23/26 MP: 1/1
   621 | D:2      | Reached skill level 5 in Axes
   633 | D:2      | Reached XP level 3. HP: 22/31 MP: 2/2
  1061 | D:2      | Reached skill level 6 in Axes
  1061 | D:2      | Reached XP level 4. HP: 37/39 MP: 3/3
  1237 | D:2      | Reached ** piety under Trog
  1407 | D:2      | Noticed Terence
  1419 | D:2      | Killed Terence
  1419 | D:2      | Reached skill level 7 in Axes
  1419 | D:2      | Reached XP level 5. HP: 41/45 MP: 4/4
  1886 | D:3      | Noticed an ogre
  1888 | D:3      | Killed an ogre
  1888 | D:3      | Reached skill level 8 in Axes
  1888 | D:3      | Reached XP level 6. HP: 16/51 MP: 5/5
  2476 | D:3      | Found a bloodstained altar of Trog.
  2476 | D:3      | Found a burning altar of Makhleb.
  2669 | D:4      | Reached skill level 9 in Axes
  2867 | D:4      | HP: 1/51 [ogre/giant club (18)]
  2868 | D:4      | Demolished by an ogre

Skill      XL: |  1  2  3  4  5  6 |
---------------+-------------------+-----
Axes           | 4 5 6 7 8 9 |  9.3
Fighting       | |  3.6
Armour         | |  2.4
Dodging        | |  2.1

Action                   |  1- 3 |  4- 6 || total
-------------------------+-------+-------++-------
Melee: Hand axe          |    55 |    27 ||    82
       Headbutt          |    13 |    28 ||    41
       War axe           |       |   103 ||   103
Invok: Berserk           |       |     1 ||     1
  Use: Scroll            |       |     3 ||     3
  Eat: Ration            |       |     1 ||     1
       Chunk             |       |     4 ||     4
Armor: Animal skin       |     5 |     1 ||     6
       Chain mail        |       |    37 ||    37
Dodge: Dodged            |    36 |    42 ||    78
Block: Shield            |       |    49 ||    49
